 Dungeon Crawl Stone Soup version 0.16-a0-3946-g4f19e5c (console) character file.

18856 Fusha the Grappler (level 12, -9/120 HPs)
             Began as a Troll Chaos Knight on Feb 9, 2015.
             Mangled by a blink frog (11 damage)
             ... on level 4 of the Lair of Beasts.
             The game lasted 00:40:53 (11670 turns).

Fusha the Grappler (Troll Chaos Knight)            Turns: 11670, Time: 00:40:54

Health: -9/120     AC:  9    Str: 25    XL:     12   Next: 31%
Magic:  9/9        EV: 13    Int:  6    God:    Xom [......]
Gold:   902        SH:  0    Dex:  9    Spells: 0 memorised, 11 levels left

rFire  . . .     SeeInvis .       - Unarmed
rCold  . . .     Clarity  .     b - +2 robe
rNeg   . . .     SustAb   .     (shield restricted)
rPois  +         Gourm    +     (helmet restricted)
rElec  .         Spirit   .     d - +2 cloak
rCorr  .         Warding  .     (gloves unavailable)
rMut   .         Stasis   .     (boots unavailable)
MR     +....                    (no amulet)
Stlth  ++........               o - ring of flight
                                e - ring of protection from magic

@: somewhat resistant to hostile enchantments, unstealthy
A: unfitting armour, antennae 1, claws 3, deformed body, dopey 1, fast
metabolism 3, gourmand, poison resistance, regeneration 2, shaggy fur 1, spit
poison 1, tough skin 2, weak 1
a: Spit Poison, Renounce Religion, Evoke Flight


You were on level 4 of the Lair of Beasts.
You worshipped Xom.
You were a very special plaything of Xom.
You were full.

You visited 3 branches of the dungeon, and saw 15 of its levels.

You collected 902 gold pieces.

Inventory:

Missiles
 s - 2 throwing nets
 x - 2 javelins of penetration (quivered)
Armour
 b - a +2 robe (worn)
 d - a +2 cloak (worn)
Jewellery
 e - a ring of protection from magic (left claw)
 o - a ring of flight (right claw)
Magical devices
 w - a wand of draining (0)
 C - a wand of disintegration (0)
 D - a wand of disintegration (0)
 H - a wand of polymorph (17)
 J - a wand of disintegration (10)
 O - a wand of slowing (20)
 P - a wand of draining (5)
Scrolls
 g - a scroll of fear {unknown}
 h - a scroll of enchant armour
 j - a scroll of torment {unknown}
 k - 3 scrolls of amnesia {unknown}
 l - a scroll of immolation
 n - 2 scrolls of blinking
 p - 6 scrolls of remove curse
 q - 8 scrolls of recharging
 t - a scroll of random uselessness
 v - a scroll of noise
 y - a scroll of silence
 I - a scroll of identify
 M - 4 scrolls of teleportation
Potions
 c - 3 potions of might
 f - 2 potions of resistance
 i - 2 potions of heal wounds
 z - 4 potions of curing
 B - a potion of haste
 F - 2 potions of lignification
Books
 A - a Fen Folio

   Spells                             Type                      Level
   a - Corpse Rot                     Necromancy                   2
   b - Stone Arrow                    Conjuration/Earth            3
   c - Leda's Liquefaction            Hexes/Earth                  4
   d - Summon Forest                  Summoning/Translocation      5
   e - Hydra Form                     Transmutation                6
   f - Summon Hydra                   Summoning                    7
 G - a book of Fire

   Spells                             Type                      Level
   a - Ignite Poison                  Fire/Transmutation           5
   b - Fireball                       Conjuration/Fire             5
   c - Bolt of Fire                   Conjuration/Fire             6
   d - Delayed Fireball               Conjuration/Fire             7
   e - Ring of Flames                 Charms/Fire                  7
 L - a book of Death

   Spells                             Type                      Level
   a - Corpse Rot                     Necromancy                   2
   b - Sublimation of Blood           Necromancy                   2
   c - Agony                          Necromancy                   5
   d - Dispel Undead                  Necromancy                   5
   e - Excruciating Wounds            Charms/Necromancy            5
   f - Bolt of Draining               Conjuration/Necromancy       5
 N - a book of Beasts

   Spells                             Type                      Level
   a - Summon Butterflies             Summoning                    1
   b - Call Canine Familiar           Summoning                    3
   c - Summon Ice Beast               Ice/Summoning                4
   d - Summon Mana Viper              Hexes/Summoning              5
   e - Monstrous Menagerie            Summoning                    6
   f - Summon Hydra                   Summoning                    7
Miscellaneous
 Q - a stone of tremors
Comestibles
 a - 3 meat rations
 m - 8 bread rations
 r - 7 beef jerkies
 u - 2 slices of pizza
 E - a royal jelly
 K - 11 fruits


   Skills:
 + Level 8.3 Fighting
 + Level 0.5 Throwing
 + Level 1.7 Armour
 + Level 10.7 Dodging
 + Level 3.2 Stealth
 + Level 12.0 Unarmed Combat
 + Level 2.2 Evocations


You had 11 spell levels left.
You didn't know any spells.

Dungeon Overview and Level Annotations

Branches:
Dungeon (9/15)             Temple (0/1) D:7            Lair (5/8) D:9
 Spider (1/5) Lair:3
  Swamp: Lair:3-6    Shoals: Lair:3-6       Orc: D:9-12

Altars:
Ashenzari
Qazlal
Sif Muna
Vehumet
Xom
Yredelemnul
The Shining One

Shops:
D:7 :

Annotations:
Lair:5 Rupert


Innate Abilities, Weirdness & Mutations

You are too large for most types of armour.
You have claws for hands.
Your metabolism is lightning-fast.
You like to eat raw meat.
You heal very quickly.
You are covered in fur (AC +1).
You have very tough skin (AC +2).
You have a pair of small antennae on your head.
Armour fits poorly on your strangely shaped body.
You are dopey. (Int -2)
Your system is resistant to poisons.
You can spit poison.
You are weak. (Str -2)


Message History

You closely miss the blink frog.
The blink frog blinks!
The blink frog hits you but does no damage.
The blink frog hits you!
* * * LOW HITPOINT WARNING * * *
The blink frog blinks!
The blink frog misses you.
You are too injured to fight recklessly!
You are too injured to fight recklessly!
You are too injured to fight recklessly!
You mangle the blink frog!!
The blink frog is almost dead.
The blink frog barely misses you. The blink frog hits you!
* * * LOW HITPOINT WARNING * * *
The blink frog hits you.
* * * LOW HITPOINT WARNING * * *
The blink frog hits you!
* * * LOW HITPOINT WARNING * * *
Xom roars with laughter!
The blink frog blinks!
The blink frog hits you!
You die...
Xom is highly amused!

#...# ##.....P....###...........
...## #....###....##............
...# ##...###....###...........
#..# #.....##....P##...........
#..#####....# #...####...........
#..##.#P....# #F..##.#...........
#...........#
#..ยง.........(.....
............###..F...............
#..##.P.#....##.@.#...P..........
#..######...P#....####...........
#..# ##...##...### ..........
#..# #...........# ...........
#..# ##..#.#...### ...........
#..# #...####..# #.......... #
#...# #..# ##........<. ##..#
#..# #.PP........ ...# ...#
#P..........


You could see 2 blink frogs.

Vanquished Creatures
  A hydra (Lair:2)
  2 death yaks (Lair:3)
  A draconian (Lair:1)
  A griffon (Lair:5)
  The ghost of Absynth the Magician, an experienced DsWn (D:6)
  2 elephants (Lair:4)
  A salamander (Lair:1)
  3 spiny frogs
  A black mamba (Lair:2)
  2 komodo dragons
  A wandering mushroom (Lair:4)
  A merfolk (shapeshifter) (Lair:4)
  2 polar bears
  A two-headed ogre (D:8)
  4 blink frogs (Lair:4)
  A trapdoor spider (Lair:2)
  2 basilisks
  A spriggan (D:7)
  33 yaks
  3 hippogriffs
  A hungry ghost (D:9)
  A spatial vortex (D:5)
  6 water moccasins
  4 orc warriors
  10 porcupines
  A sky beast (D:8)
  Purgy (D:3)
  A phantom (D:5)
  2 black bears
  A necrophage (D:5)
  4 centaurs
  An ogre (D:7)
  13 giant frogs
  2 ice beasts
  10 crocodiles
  A big kobold (D:8)
  2 scorpions
  3 killer bees (Lair:1)
  An electric eel (Lair:4)
  A crimson imp (D:6)
  A quasit (D:9)
  6 goliath beetles
  2 jellies
  8 orc priests
  A giant frog skeleton (D:5)
  5 hounds
  8 worker ants
  A centaur skeleton (D:4)
  7 iguanas
  9 orc wizards
  A killer bee zombie (D:8)
  9 sheep
  2 hound zombies
  A hound skeleton (D:8)
  A worker ant zombie (D:8)
  4 gnolls (D:2)
  2 river rats
  12 adders
  5 giant mites
  A shadow imp (D:5)
  A worm (D:2)
  An ufetubus (Lair:1)
  An adder zombie (D:3)
  2 adder skeletons
  8 giant geckos
  2 oozes
  30 orcs
  16 bats
  12 goblins
  14 hobgoblins
  14 jackals
  12 kobolds
  10 quokkas
  A ball python (D:1)
  4 giant cockroaches
  A giant gecko zombie (D:5)
  7 giant newts
  A giant spore (D:7)
  A quokka skeleton (D:4)
  14 rats
  A ballistomycete (D:7)
  2 fungi (D:8)
  A plant (Lair:3)
372 creatures vanquished.

Vanquished Creatures (collateral kills)
  A spiny frog (Lair:1)
  A komodo dragon (Lair:1)
  A yak (Lair:1)
  2 gnolls (D:2)
5 creatures vanquished.

Vanquished Creatures (others)
  A crocodile (Lair:2)
  A giant frog (Lair:2)
  3 iron imps (Lair:2)
  An iguana (Lair:2)
  An orc wizard (D:8)
  A sheep (D:8)
  4 river rats (Lair:2)
  3 shadow imps
  2 white imps
  An ufetubus (Lair:2)
  2 orcs (D:8)
  A ballistomycete (D:7)
  A fungus (D:9)
  A plant (D:9)
23 creatures vanquished.

Grand Total: 400 creatures vanquished

Notes
Turn   | Place    | Note
--------------------------------------------------------------
     0 | D:1      | Fusha, the Troll Chaos Knight, began the quest for the Orb.
     0 | D:1      | Reached XP level 1. HP: 22/22 MP: 1/1
    92 | D:1      | XOM: silly message
   113 | D:1      | Reached XP level 2. HP: 29/29 MP: 1/1
   418 | D:1      | XOM: divination: detect items
   580 | D:1      | XOM: god gift: 36 gold pieces
   652 | D:1      | Reached XP level 3. HP: 33/36 MP: 2/2
   791 | D:1      | XOM: mild Trmt miscast
   818 | D:2      | Found a deep blue altar of Sif Muna.
   830 | D:2      | XOM is BORED!
   830 | D:2      | XOM: mild Chrm miscast
   888 | D:2      | Reached skill level 1 in Dodging
  1013 | D:2      | XOM: noise
  1026 | D:2      | Reached skill level 4 in Unarmed Combat
  1118 | D:2      | Reached XP level 4. HP: 40/44 MP: 2/2
  1141 | D:2      | XOM: summons friendly iron imp
  1612 | D:3      | Noticed Purgy
  1626 | D:3      | Killed Purgy
  1626 | D:3      | Reached XP level 5. HP: 29/53 MP: 2/2
  1628 | D:3      | XOM: 6-stop teleportation journey
  1718 | D:3      | XOM: destruction
  1884 | D:3      | XOM: divination: detect items
  2076 | D:3      | XOM: scenery: 2 doors open
  2511 | D:4      | Reached XP level 6. HP: 61/61 MP: 3/3
  2515 | D:4      | XOM: divination: detect creatures
  2578 | D:4      | XOM: scenery: 2 doors open, 1 doors close
  2657 | D:4      | XOM: divination: detect creatures
  2661 | D:4      | XOM: medium Chrm miscast
  2680 | D:4      | XOM: scenery: 3 doors open, 1 doors close
  2901 | D:4      | Reached skill level 5 in Unarmed Combat
  2950 | D:4      | XOM: severe Air miscast
  3077 | D:4      | XOM: vitrification
  3115 | D:5      | Entered Level 5 of the Dungeon
  3315 | D:5      | XOM: stat loss: -1 Str (22/23)
  3322 | D:5      | XOM: blink monster(s)
  3338 | D:5      | Reached XP level 7. HP: 68/68 MP: 3/3
  3595 | D:5      | XOM: potion effect (might)
  3614 | D:5      | Reached skill level 6 in Unarmed Combat
  3616 | D:5      | XOM: mild Tloc miscast
  3951 | D:6      | XOM: harmless Pois miscast
  4033 | D:6      | Reached skill level 1 in Stealth
  4039 | D:6      | Noticed Absynth's ghost (experienced DsWn)
  4070 | D:6      | XOM: harmless Chrm miscast
  4081 | D:6      | XOM: potion effect (invisibility)
  4089 | D:6      | Killed Absynth's ghost
  4089 | D:6      | Reached skill level 5 in Dodging
  4089 | D:6      | Reached XP level 8. HP: 25/79 MP: 3/3
  4218 | D:6      | XOM: harmless Ice miscast
  4223 | D:6      | Reached skill level 7 in Unarmed Combat
  4314 | D:6      | XOM: mild Chrm miscast
  4455 | D:6      | XOM: cast spell 'Blink'
  4467 | D:6      | Reached skill level 5 in Fighting
  4603 | D:7      | XOM: potion effect (might)
  4685 | D:7      | XOM: harmless Divn miscast
  4738 | D:7      | Found Mank's Book Shop.
  4875 | D:7      | XOM: divination: detect items
  4879 | D:7      | Reached XP level 9. HP: 88/88 MP: 4/4
  4952 | D:7      | XOM: divination: detect creatures
  4970 | D:7      | XOM: silly message
  5025 | D:7      | Found a shattered altar of Ashenzari.
  5044 | D:7      | Reached skill level 8 in Unarmed Combat
  5076 | D:7      | XOM: harmless Air miscast
  5466 | D:7      | Found a staircase to the Ecumenical Temple.
  5491 | D:7      | XOM: potion effect (haste)
  5530 | D:8      | XOM: potion effect (berserk rage)
  5618 | D:8      | XOM: harmless Air miscast
  5747 | D:8      | XOM: smoke on damage
  5749 | D:8      | HP: 4/89 [acid (15)]
  5764 | D:8      | Found a radiant altar of Vehumet.
  5837 | D:8      | Reached skill level 9 in Unarmed Combat
  5899 | D:8      | Found a shimmering altar of Xom.
  6017 | D:8      | Found a basalt altar of Yredelemnul.
  6018 | D:8      | Noticed a profane servitor
  6024 | D:8      | Found a glowing golden altar of the Shining One.
  6025 | D:8      | Noticed an angel
  6334 | D:8      | XOM: destruction
  6502 | D:9      | XOM: stealth player
  6504 | D:9      | Found a staircase to the Lair.
  6516 | D:8      | XOM: enchant monster (good)
  6523 | D:8      | XOM: confusion (+ monsters)
  6643 | D:8      | Reached XP level 10. HP: 71/98 MP: 5/5
  6644 | D:8      | XOM is BORED!
  6644 | D:8      | XOM: mild Pois miscast
  6942 | D:9      | XOM: blink monster(s)
  6944 | D:9      | XOM: swap monsters
  6945 | D:9      | XOM: blink monster(s)
  6970 | D:9      | XOM: colour smoke trail
  7047 | D:9      | XOM: give mutations
  7047 | D:9      | Gained mutation: You are dopey. (Int -2) [Xom's mischief]
  7047 | D:9      | Gained mutation: You can spit poison. [Xom's mischief]
  7047 | D:9      | Gained mutation: You occasionally shout uncontrollably at your foes. [Xom's mischief]
  7047 | D:9      | Gained mutation: Your system is resistant to poisons. [Xom's mischief]
  7058 | D:9      | XOM: medium Trmt miscast
  7066 | Lair:1   | Entered Level 1 of the Lair of Beasts
  7070 | Lair:1   | XOM: noise
  7093 | Lair:1   | XOM: chaos cloud
  7102 | Lair:1   | Reached skill level 1 in Evocations
  7103 | Lair:1   | Paralysed by you for 2 turns
  7104 | Lair:1   | XOM: harmless Divn miscast
  7105 | Lair:1   | Noticed a salamander
  7105 | Lair:1   | a yak changed into a salamander
  7115 | Lair:1   | XOM: chaos cloud
  7118 | Lair:1   | Killed a salamander
  7122 | Lair:1   | XOM: enchant monster (good)
  7322 | Lair:1   | XOM: summons 1 hostile demon
  7361 | Lair:1   | XOM: summons 5 friendly demons
  7486 | Lair:1   | XOM: noise
  7672 | Lair:1   | Noticed a draconian
  7673 | Lair:1   | XOM: fog
  7698 | Lair:1   | Killed a draconian
  7698 | Lair:1   | Reached skill level 10 in Unarmed Combat
  7729 | Lair:1   | XOM: fog
  7739 | Lair:1   | XOM: summons 2 friendly demons
  7903 | Lair:1   | XOM: enchant monster (good)
  7912 | Lair:1   | XOM: cast spell 'Olgreb's Toxic Radiance'
  7917 | Lair:1   | XOM: potion effect (haste)
  7918 | Lair:1   | XOM: cast spell 'Confusing Touch'
  7924 | Lair:1   | XOM: summons 3 friendly demons
  7928 | Lair:1   | Reached XP level 11. HP: 24/107 MP: 7/7
  8320 | Lair:2   | XOM: enchant monster (good)
  8401 | Lair:2   | XOM: summons 8 friendly demons
  8423 | Lair:2   | XOM: noise
  8432 | Lair:2   | XOM: divination: detect items
  8439 | Lair:2   | XOM: mild Divn miscast
  8455 | Lair:2   | XOM: divination: detect items
  8561 | Lair:1   | XOM: god gift: 36 gold pieces
  8654 | Lair:1   | XOM: summons friendly white imp
  8655 | Lair:1   | XOM: mild Divn miscast
  8702 | Lair:2   | Noticed a seven-headed hydra
  8702 | Lair:2   | XOM: mild Ice miscast
  8727 | Lair:2   | Killed an eight-headed hydra
  8799 | Lair:2   | XOM: harmless Tloc miscast
  8832 | Lair:2   | XOM: medium Chrm miscast
  8855 | Lair:2   | XOM: silly message
  9129 | Lair:2   | XOM: summons 4 hostile shadow creatures
  9285 | Lair:2   | XOM: polymorph yak -> trapdoor spider
  9290 | Lair:2   | Reached skill level 11 in Unarmed Combat
  9586 | Lair:3   | XOM: mild Divn miscast
  9689 | Lair:3   | Found a hole to the Spider Nest.
  9712 | Lair:3   | XOM: confusion
  9898 | Lair:3   | Reached skill level 10 in Dodging
  9900 | Lair:3   | XOM: summons 2 hostile shadow creatures
 10009 | Lair:3   | XOM: enchant monster (bad)
 10129 | Lair:3   | XOM: medium Air miscast
 10143 | Lair:3   | XOM: harmless Fire miscast
 10387 | Lair:3   | XOM: mild Trmt miscast
 10404 | Lair:4   | Noticed a death yak
 10423 | Lair:4   | Noticed a death yak
 10431 | Lair:3   | XOM: blink monster(s)
 10441 | Lair:3   | XOM: confusion
 10454 | Lair:3   | XOM: confusion
 10461 | Lair:3   | XOM: enchant monster (bad)
 10462 | Lair:3   | XOM: summons 5 hostile demons
 10470 | Spider:1 | Entered Level 1 of the Spider Nest
 10599 | Lair:3   | XOM: confusion (+ monsters)
 10608 | Lair:3   | Killed a death yak
 10627 | Lair:3   | Killed a death yak
 10627 | Lair:3   | Reached XP level 12. HP: 67/119 MP: 9/9
 10850 | Lair:4   | XOM: harmless Necr miscast
 11013 | Lair:4   | Found a stormy altar of Qazlal.
 11036 | Lair:4   | XOM: noise
 11039 | Lair:4   | XOM: mild Pois miscast
 11042 | Lair:4   | XOM: polymorph blink frog -> ice beast
 11043 | Lair:4   | XOM: polymorph blink frog -> harpy
 11155 | Lair:5   | XOM: noise
 11161 | Lair:5   | Noticed Rupert
 11193 | Lair:5   | XOM: stat loss: -1 Int (5/6)
 11198 | Lair:5   | XOM: confusion (+ monsters)
 11204 | Lair:5   | XOM: 3-stop teleportation journey
 11296 | Lair:4   | XOM: noise
 11308 | Lair:4   | Noticed a death yak
 11310 | Lair:4   | XOM: harmless Air miscast
 11315 | Lair:4   | XOM: fog
 11329 | Lair:5   | XOM: mild Erth miscast
 11348 | Lair:5   | XOM: summons 3 hostile shadow creatures
 11520 | Lair:4   | XOM: confusion (+ monsters)
 11523 | Lair:4   | XOM: give mutations
 11523 | Lair:4   | Gained mutation: You have a pair of small antennae on your head. [Xom's mischief]
 11523 | Lair:4   | Gained mutation: You are weak. (Str -2) [Xom's mischief]
 11523 | Lair:4   | Gained mutation: Armour fits poorly on your strangely shaped body. [Xom's mischief]
 11523 | Lair:4   | Lost mutation: You occasionally shout uncontrollably at your foes. [Xom's mischief]
 11544 | Lair:4   | Reached skill level 12 in Unarmed Combat
 11651 | Lair:4   | XOM: enchant monster (bad)
 11670 | Lair:4   | HP: 2/120 [blink frog (14)]
 11670 | Lair:4   | Mangled by a blink frog

Action                   |  1- 3 |  4- 6 |  7- 9 | 10-12 || total
-------------------------+-------+-------+-------+-------++-------
Melee: Unarmed           |    95 |   191 |   359 |   623 ||  1268
Throw: Javelin           |     3 |       |     1 |     2 ||     6
 Abil: Spit Poison       |       |       |       |     1 ||     1
       Evoke Flight      |       |       |       |     1 ||     1
Evoke: Wand              |       |       |     6 |    14 ||    20
  Use: Scroll            |       |     4 |     6 |    10 ||    20
       Potion            |       |       |     6 |     3 ||     9
 Stab: Invisible         |       |       |     1 |       ||     1
       Confused          |       |       |       |     3 ||     3
       Distracted        |       |       |       |     1 ||     1
       Sleeping          |       |       |       |     1 ||     1
  Eat: Chunk             |    13 |    20 |    35 |    44 ||   112
